Map: Dusty Gorge

Players

agjoey

  • Race: Zerg Zerg
  • Spawn Location: 11:00

LukeKfm

  • Race: Terran Terran
  • League: Master
  • Spawn Location: 9:00

apocalisse - Winner!

  • Race: Protoss Protoss
  • League: Diamond
  • Spawn Location: 5:00

PureLegacy - Winner!

  • Race: Terran Terran
  • Spawn Location: 3:00

VOD

Have the link to the VOD?

Description

Time

  • Played on: Nov. 28, 2018, 8:21 a.m.
  • Length: 3:14
Show
View Real Time Build Order
Export as new Build Order

agjoey Zerg 

Build Orders: Hatch First 

Get SALT Encoding   

  12  0:01  Drone  
  13  0:13  Overlord  
  13  0:18  Drone  
  14  0:31  Drone x2  
  14  0:35  Drone  
  17  0:54  Hatchery  
  17  0:56  Drone  
  17  1:01  Drone  
  18  1:11  Extractor  
  17  1:43  Spawning Pool  
  16  2:03  Drone  
  16  2:05  Drone x2  
  19  2:20  Drone  
  20  2:29  Hatchery  
  19  2:33  Zergling x4  
  26  2:50  Zergling x4  
  28  2:54  Overlord  
Show
View Real Time Build Order
Export as new Build Order

LukeKfm Terran 

Build Orders: Reaper Expand 

Get SALT Encoding   

  12  0:01  SCV  
  13  0:13  SCV  
  14  0:19  Supply Depot  
  14  0:25  SCV  
  15  0:46  Barracks  
  15  0:47  SCV  
  15  0:49  Refinery  
  16  0:59  SCV  
  17  1:11  SCV  
  19  1:34  Orbital Command  
  19  1:35  Reaper  
  19  1:48  Command Center  
  19  2:00  SCV  
  20  2:12  SCV  
  20  2:15  Factory  
  21  2:16  Refinery  
  21  2:20  Supply Depot  
  20  2:24  Marine, SCV  
  22  2:36  SCV  
  22  2:42  Marine  
Show
View Real Time Build Order
Export as new Build Order

apocalisse Protoss - Winner!

Build Orders:  

Get SALT Encoding   

  12  0:02  Probe  
  13  0:17  Pylon  
  13  0:19  Probe  
  14  0:31  Probe  
  15  0:40  Forge  
  15  0:44  Probe  
  16  1:01  Pylon  
  16  1:02  Probe  
  17  1:09  Gateway  
  17  1:20  Photon Cannon  
  17  1:31  Photon Cannon  
  16  1:47  Probe  
  17  1:59  Probe  
  17  2:00  Pylon  
  18  2:04  Assimilator  
  18  2:05  Assimilator  
  18  2:07  Probe  
  19  2:15  Probe  
  20  2:25  Pylon  
  20  2:48  Nexus, Probe  
  20  2:50  Cybernetics Core  
  21  3:05  Photon Cannon  
Show
View Real Time Build Order
Export as new Build Order

PureLegacy Terran - Winner!

Build Orders:  

Get SALT Encoding   

  12  0:01  SCV  
  13  0:14  SCV  
  14  0:19  Supply Depot  
  14  0:26  SCV  
  15  0:30  Refinery  
  15  0:40  SCV  
  16  0:45  Barracks  
  16  0:53  SCV  
  17  1:01  Barracks  
  17  1:21  Barracks  
  17  1:25  SCV  
  18  1:37  Reaper  
  18  1:38  Orbital Command  
  19  1:50  Refinery, Reaper  
  20  2:03  Supply Depot  
  20  2:07  SCV  
  21  2:09  Reaper  
  21  2:11  Reaper  
  23  2:25  Reaper, SCV  
  23  2:29  Supply Depot  
  25  2:41  Reaper, SCV  
  30  3:10  Command Center  
Tags
 
Add a new tag
Caveats
  • Supply blocks, unpowered buildings, or Contaminate may cause inaccurate times.
  • Supply counts are checked every 10 seconds.